 Dungeon Crawl Stone Soup version 0.19.0 (webtiles) character file.

25698 Chiseanne the Spry (level 12, -6/67 HPs)
             Began as a Spriggan Wanderer on Nov 1, 2016.
             Was the Champion of Jiyva.
             Mangled by a yak (14 damage)
             ... while paralysed
             ... on level 6 of the Lair of Beasts on Nov 2, 2016.
             The game lasted 01:31:24 (15825 turns).

Chiseanne the Spry (Spriggan Wanderer)             Turns: 15825, Time: 01:31:24

Health: -6/67      AC:  6    Str: 11    XL:     12   Next: 91%
Magic:  20/20      EV:  4    Int: 12    God:    Jiyva [******]
Gold:   618        SH:  0    Dex: 23    Spells: 0 memorised, 16 levels left

rFire  + + .     SeeInvis +     a - +2 rapier of Awashrom {drain, rF+}
rCold  . . .     Gourm    .     E - +0 troll leather armour
rNeg   . . .     Faith    .     t - +3 buckler "Herosata" {Stlth+}
rPois  .         Spirit   .     (helmet restricted)
rElec  +         Reflect  .     B - +0 cloak
rCorr  +         Harm     .     (gloves unavailable)
MR     ++...                    (boots unavailable)
Stlth  ++++......               b - amulet of rage
                                (no ring)
                                J - ring of Recklessness {rElec rF+ Int+4 Slay+2}

@: paralysed, lethally poisoned (-6 -> -6), exhausted, slowed, very quick
A: unfitting armour, rugged brown scales 1, see invisible, herbivore 3, speed 3,
slow metabolism 2, acidic bite, translucent skin 2
a: Request Jelly, Slimify, Cure Bad Mutation, Renounce Religion, Evoke Berserk
Rage


You were on level 6 of the Lair of Beasts.
You worshipped Jiyva.
Jiyva was exalted by your worship.
You were very full.

You visited 2 branches of the dungeon, and saw 16 of its levels.
You also visited: Labyrinth.

You collected 688 gold pieces.
You spent 70 gold pieces at shops.

Inventory:

Hand Weapons
 a - the +2 rapier of Awashrom (weapon) {drain, rF+}
   (You found it on level 4 of the Dungeon)

   A truly terrible weapon, it drains the life of those it strikes.
   It protects you from fire.
 e - a +7 hunting sling of freezing
 w - a +0 blowgun
Missiles
 i - 39 sling bullets
 j - 255 stones
 q - 58 bolts
 s - 8 tomahawks of dispersal
 z - 54 poisoned needles
 F - 11 tomahawks (quivered)
Armour
 l - a cursed -2 buckler
 t - the +3 buckler "Herosata" (worn) {Stlth+}
   (You found it on level 4 of the Dungeon)

   It makes you more stealthy.
 B - a +0 cloak (worn)
 E - a +0 troll leather armour (worn)
Jewellery
 b - an amulet of rage (around neck)
 J - the ring of Recklessness (left hand) {rElec rF+ Int+4 Slay+2}
   (You found it in a labyrinth)

   [ring of protection from fire]

   It affects your intelligence (+4).
   It affects your accuracy and damage with ranged weapons and melee attacks
   (+2).
   It protects you from fire.
   It insulates you from electricity.
Wands
 K - a wand of random effects (13/48)
Scrolls
 k - a scroll of brand weapon
 p - 2 scrolls of teleportation
 r - 2 scrolls of fog
 v - 2 scrolls of magic mapping
 C - 2 scrolls of identify
Potions
 c - a potion of haste
 d - 2 potions of heal wounds
 g - a potion of berserk rage
 h - 2 potions of ambrosia
 m - 4 potions of flight
 n - 2 potions of resistance
 x - a potion of agility
 A - a potion of curing
Books
 y - a book of Maledictions

   Spells                             Type                      Level
   a - Corona                         Hexes                        1
   b - Ensorcelled Hibernation        Hexes/Ice                    2
   c - Confuse                        Hexes                        3
   d - Tukima's Dance                 Hexes                        3
   e - Dazzling Spray                 Conjuration/Hexes            3
 I - a book of Conjurations

   Spells                             Type                      Level
   a - Magic Dart                     Conjuration                  1
   b - Searing Ray                    Conjuration                  2
   c - Dazzling Spray                 Conjuration/Hexes            3
   d - Fulminant Prism                Conjuration/Hexes            4
   e - Iskenderun's Mystic Blast      Conjuration                  4
   f - Iskenderun's Battlesphere      Conjuration/Charms           5
Miscellaneous
 G - a phantom mirror
Comestibles
 f - 7 bread rations
 o - a slice of pizza
 H - 13 fruits


   Skills:
 * Level 9.1 Fighting
 - Level 2.5 Short Blades
   Level 2.0 Staves
 - Level 7.6 Slings
   Level 2.4 Bows
 * Level 15.6 Dodging
 - Level 3.7 Stealth
 * Level 8.2 Shields
 - Level 2.6 Spellcasting
   Level 1.5 Summonings
   Level 1.0 Poison Magic
 - Level 10.4 Evocations


You had 16 spell levels left.
You didn't know any spells.

Dungeon Overview and Level Annotations

Branches:
Dungeon (10/15)            Temple (0/1) D:4            Lair (6/6) D:9
  Swamp (0/4) Lair:3        Snake (0/4) Lair:4        Slime (0/5) Lair:6
    Orc (0/2) D:10

Altars:
Ashenzari
Fedhas
Okawaru
Sif Muna
Trog
Xom
Yredelemnul
Zin
Jiyva

Shops:
D:4 ==

Annotations:
D:10 exclusions: ice statue and orange crystal statue
Lair:3 Dustman's ghost, journeyman HuGl


Innate Abilities, Weirdness & Mutations

You are very small and have problems with some larger weapons.
You are too small for most types of armour.
You have supernaturally acute eyesight. (SInv)
You are a herbivore.
You cover ground extremely quickly.
You need consume almost no food.
You are partially covered in rugged brown scales. (AC +1, +3% HP)
You have acidic saliva.
Your translucent skin reduces your foes' accuracy. (Stealth)


Message History

You puncture the elephant! You bite the elephant!
The elephant is splashed with acid.
The acid corrodes the elephant!
The elephant is almost dead.
You feel sick. You block the yak's attack. x2
The elephant completely misses you. x2
You puncture the elephant!
You kill the elephant!
You are no longer berserk.
You pass out from exhaustion.
You feel yourself slow down.
You feel sick. The yak gores you! x2
The yak gores you! The yak gores you.
You feel sick. The yak gores you!
* * * LOW HITPOINT WARNING * * *
The yak barely misses you. The yak gores you.
* * * LOW HITPOINT WARNING * * *
The yak gores you.
* * * LOW HITPOINT WARNING * * *
You feel sick. The yak gores you!
You die...

≈≈FP≈.........Y.....##......#
≈≈≈≈≈.≈............###......#
≈.............## #......#
≈..............###.......
≈≈.............##........
.#............#.......P#
#.....................#
#....Y†Y.......#....###
#...@†.....##....#.#
≈≈≈≈≈.≈≈≈
#..........####P#.##
≈≈≈≈≈≈≈≈.#####.P......##
##### P≈≈.≈≈≈.≈#..##....#...#
≈≈≈≈P≈≈.##..###....#.#.#
≈≈≈P≈≈≈≈#.....P..####.##
≈≈≈.≈P..#.........# ##
P≈P....P..........#
≈.≈...≈...........#####


You could see 2 yaks.

Vanquished Creatures
  Josephine (Lair:6)
  4 hydras
  A hill giant (D:10)
  Joseph (D:7)
  3 elephants (Lair:6)
  A rime drake (Lair:6)
  13 spiny frogs
  3 komodo dragons
  2 trolls (D:9)
  2 tyrant leeches (Lair:6)
  Grinder (D:5)
  10 blink frogs
  A dream sheep (Lair:6)
  5 hippogriffs
  The ghost of Korbac the Slasher, an amateur TeSk (D:4)
  A wyvern (Lair:2)
  2 basilisks
  17 yaks
  2 wraiths (Lair:6)
  4 vampire mosquitoes (Lair:6)
  5 nagas (Lair:4)
  7 water moccasins
  6 orc warriors
  6 porcupines
  A sky beast (D:4)
  An ice beast (D:7)
  5 ogres
  3 centaurs
  5 crocodiles
  A big kobold (D:7)
  16 bullfrogs
  A wyvern zombie (D:6)
  2 scorpions
  A killer bee (D:9)
  An electric eel (Lair:6)
  A howler monkey (D:10)
  3 wights (D:8)
  A bullfrog zombie (D:5)
  10 crimson imps
  Crazy Yiuf (D:2)
  4 hounds
  An orc priest (D:10)
  4 worker ants
  7 orc wizards
  2 iguanas
  A hound skeleton (D:9)
  2 worker ant zombies
  A gnoll (D:1)
  A howler monkey skeleton (D:6)
  3 river rats (D:9)
  10 adders
  3 adder skeletons
  4 worms
  A dart slug (D:1)
  A leopard gecko (D:7)
  31 orcs
  4 giant cockroaches
  7 goblins
  6 hobgoblins
  22 jackals
  2 quokkas
  A ball python (D:4)
  A ball python skeleton (D:4)
  11 bats
  4 frilled lizards
  A jackal skeleton (D:5)
  9 kobolds
  6 rats
302 creatures vanquished.

Vanquished Creatures (collateral kills)
  A minotaur (Lab)
  A komodo dragon (Lair:5)
  2 spiny frogs (Lair:6)
  A tyrant leech (Lair:6)
  A wyvern (D:9)
  5 yaks (D:9)
  Menkaure (D:7)
  An orc warrior (D:10)
  A water moccasin (Lair:2)
  3 crocodiles
  2 orc priests (D:9)
  2 river rats (D:9)
  2 orcs (D:9)
23 creatures vanquished.

Vanquished Creatures (others)
  A slime creature (Lair:2)
  A dream sheep (Lair:6)
  3 yaks
  Duvessa (D:7)
  An orc warrior (D:4)
  An ice beast (D:7)
  A black bear (D:9)
  A centaur (D:10)
  A crocodile (Lair:6)
  4 bullfrogs
  Dowan (D:7)
  41 jellies
  2 killer bees (D:9)
  6 orc wizards
  An orc priest (D:8)
  A hound (D:10)
  A centaur skeleton (D:7)
  An iguana (D:10)
  3 worker ants
  2 hound zombies (D:7)
  An adder (D:10)
  A worm (D:3)
  13 orcs
  A jackal (D:8)
  2 quokkas
  A quokka zombie (D:6)
  A rat (D:3)
  8 fungi
  38 plants
140 creatures vanquished.

Grand Total: 465 creatures vanquished

Notes
Turn   | Place    | Note
-------+----------+-------------------------------------------
     0 | D:1      | Chiseanne the Spriggan Wanderer began the quest for the Orb.
     0 | D:1      | Chiseanne set off with: a book of Callings, the Incunabulum of Stones, Sif Muna's Volume of Intoxication, a +0 robe, a +0 dagger, a bread ration
     0 | D:1      | Reached XP level 1. HP: 9/9 MP: 5/5
     0 | D:1      | Identified the Incunabulum of Stones
     0 | D:1      | Identified Sif Muna's Volume of Intoxication
   146 | D:1      | Reached skill level 1 in Stealth
   194 | D:1      | Reached skill level 2 in Dodging
   325 | D:1      | Reached XP level 2. HP: 13/13 MP: 6/6
   522 | D:1      | Reached skill level 1 in Short Blades
  1110 | D:1      | Reached XP level 3. HP: 11/16 MP: 8/8
  1437 | D:2      | Reached skill level 3 in Dodging
  1507 | D:2      | Found a faded altar of an unknown god.
  1552 | D:2      | Became a worshipper of Jiyva Jubi the Shapeless
  1552 | D:2      | Reached * piety under Jiyva
  1569 | D:2      | Found a runed door.
  1764 | D:2      | Reached XP level 4. HP: 17/21 MP: 9/9
  2159 | D:2      | Reached ** piety under Jiyva
  2349 | D:2      | Noticed Crazy Yiuf
  2355 | D:2      | Killed Crazy Yiuf
  2588 | D:3      | Found a blossoming altar of Fedhas.
  2835 | D:3      | Reached skill level 4 in Dodging
  2835 | D:3      | Reached XP level 5. HP: 20/24 MP: 10/10
  2842 | D:3      | Reached skill level 1 in Staves
  3033 | D:3      | Reached XP level 6. HP: 16/28 MP: 9/11
  3045 | D:3      | Reached skill level 5 in Dodging
  3213 | D:3      | Reached *** piety under Jiyva
  3213 | D:3      | Gained mutation: Your skin changes colour to match your surroundings (Stealth+). [Jiyva's grace]
  3351 | D:3      | Found a shimmering altar of Xom.
  3500 | D:4      | Noticed a sky beast
  3532 | D:4      | Killed a sky beast
  3538 | D:4      | Noticed Korbac's ghost (amateur TeSk)
  3550 | D:4      | Found Viumi's Jewellery Emporium.
  3579 | D:4      | Got a smoking buckler
  3598 | D:4      | Got a slimy rapier
  3610 | D:3      | Identified the +3 buckler "Herosata" {Stlth+} (You found it on level 4 of the Dungeon)
  3761 | D:4      | Noticed an orc warrior
  4004 | D:4      | Bought a cursed -2 ring of strength for 22 gold pieces
  4012 | D:4      | Gained mutation: Your mind is acute. (Int +2) [Jiyva's grace]
  4022 | D:4      | Found Naess's Jewellery Boutique.
  4025 | D:4      | Bought a cursed amulet of inaccuracy for 24 gold pieces
  4025 | D:4      | Bought a cursed -3 ring of dexterity for 24 gold pieces
  4035 | D:4      | Reached **** piety under Jiyva
  4052 | D:4      | Killed an orc warrior
  4327 | D:3      | Identified the +2 rapier of Awashrom {drain, rF+} (You found it on level 4 of the Dungeon)
  4377 | D:4      | Found a staircase to the Ecumenical Temple.
  4441 | D:4      | Reached skill level 6 in Dodging
  4463 | D:4      | Reached XP level 7. HP: 25/32 MP: 12/12
  4484 | D:4      | Killed Korbac's ghost
  4520 | D:4      | Reached skill level 1 in Fighting
  4531 | D:4      | Gained mutation: You have acidic saliva. [Jiyva's grace]
  4580 | D:4      | Found an iron altar of Okawaru.
  4769 | D:5      | Entered Level 5 of the Dungeon
  4906 | D:5      | Reached skill level 5 in Evocations
  5079 | D:5      | Reached skill level 7 in Dodging
  5094 | D:5      | Reached ***** piety under Jiyva
  5180 | D:5      | Noticed Grinder
  5188 | D:5      | Killed Grinder
  5188 | D:5      | Reached XP level 8. HP: 29/39 MP: 13/13
  5445 | D:5      | Found a glowing silver altar of Zin.
  5562 | D:5      | Lost mutation: Your mind is acute. (Int +2) [Jiyva's grace]
  5784 | D:6      | Reached skill level 8 in Dodging
  6098 | D:6      | Lost mutation: You have acidic saliva. [Jiyva's grace]
  6471 | D:7      | Reached ****** piety under Jiyva
  6471 | D:7      | Killed Dowan
  6513 | D:7      | Noticed Joseph
  6527 | D:7      | Killed Joseph
  6527 | D:7      | Reached skill level 9 in Dodging
  6527 | D:7      | Reached XP level 9. HP: 44/44 MP: 15/15
  6550 | D:7      | Killed Duvessa
  6552 | D:7      | Noticed Menkaure
  6565 | D:7      | Gained mutation: You have large cloven feet. [potion of mutation]
  6565 | D:7      | Gained mutation: Armour fits poorly on your strangely shaped body. [potion of mutation]
  6565 | D:7      | Gained mutation: You are clumsy. (Dex -2) [potion of mutation]
  6570 | D:7      | Killed Menkaure
  6972 | D:7      | Found a bloodstained altar of Trog.
  6972 | D:7      | Found a basalt altar of Yredelemnul.
  6973 | D:7      | Found a deep blue altar of Sif Muna.
  7182 | D:8      | Chiseanne: hey :)
  7195 | D:8      | p0werm0de: hey
  7214 | D:8      | p0werm0de: just tried to run Felid to lair6 and get rune at xl 4-66
  7214 | D:8      | p0werm0de: ^^
  7214 | D:8      | p0werm0de: jivia temple?
  7214 | D:8      | Chiseanne: random
  7214 | D:8      | Chiseanne: on level 1
  7214 | D:8      | p0werm0de: kk
  7214 | D:8      | p0werm0de: nice
  7214 | D:8      | Chiseanne: never playe him before
  7214 | D:8      | Chiseanne: yeah.felids..hmmm not a big fan
  7214 | D:8      | p0werm0de: slimify is good vs strong enemies
  7308 | D:8      | Chiseanne: thats really nice..found an amulet of rage
  7308 | D:8      | Chiseanne: jiyva is constantly feeding me so I dont have to worry abouut food
  7308 | D:8      | Chiseanne: and hes messing with my stats lol
  7308 | D:8      | p0werm0de: yea also hp and mp restortion
  7308 | D:8      | p0werm0de: and jellies on dmg.. all quite ok
  7308 | D:8      | Chiseanne: oh
  7308 | D:8      | p0werm0de: should work with Sp
  7308 | D:8      | Chiseanne: aye figured..Menkaure tried to kill me..hurt me, jelly popped and ate him lol
  7325 | D:8      | Lost mutation: Armour fits poorly on your strangely shaped body. [Jiyva's grace]
  7328 | D:8      | Chiseanne: but man they eat all the money
  7344 | D:8      | p0werm0de: yea items in general
  7350 | D:8      | Reached skill level 10 in Dodging
  7352 | D:8      | p0werm0de: but not artefactss at least
  7352 | D:8      | Chiseanne: ok at least
  7352 | D:8      | Chiseanne: I need some gold for ...
  7352 | D:8      | p0werm0de: ah well spriggan cant eat mut chunks
  7352 | D:8      | Chiseanne: check "c"
  7352 | D:8      | p0werm0de: usually quaff everthing and eat all muta meat and then cure
  7352 | D:8      | p0werm0de: yea nice
  7631 | D:8      | Lost mutation: Your skin changes colour to match your surroundings (Stealth+). [Jiyva's grace]
  7754 | D:9      | Found a staircase to the Lair.
  7787 | D:9      | Reached skill level 5 in Fighting
  7834 | D:9      | Reached XP level 10. HP: 17/51 MP: 17/17
  7844 | D:9      | Gained mutation: Your muscles are strong. (Str +2) [Jiyva's grace]
  8019 | D:9      | Reached skill level 11 in Dodging
  8019 | D:9      | Lost mutation: You are clumsy. (Dex -2) [Jiyva's grace]
  8253 | D:9      | vev: faded jiyva?
  8254 | D:9      | Chiseanne: I got him off a random altar on D1
  8302 | D:9      | Reached skill level 5 in Shields
  8314 | D:9      | Lost mutation: Your muscles are strong. (Str +2) [Jiyva's grace]
  8388 | D:9      | p0werm0de: vev you think its possible to beat that XL5 first rune record?
  8392 | D:9      | p0werm0de: as Sp/Fe/vp jivia
  8400 | D:9      | p0werm0de: or AK with invis potion in abyss^^
  8411 | D:9      | p0werm0de: + blinking or apport
  8445 | D:9      | p0werm0de: ah well ak cant self banish with distortion wpn
  8534 | D:9      | vev: xl5 is already too low
  8534 | D:9      | vev: it's Sp right?
  8544 | D:10     | Entered Level 10 of the Dungeon
  8575 | D:10     | Found a staircase to the Orcish Mines.
  8589 | D:10     | p0werm0de: dunno
  8605 | D:10     | Reached skill level 10 in Evocations
  8606 | D:10     | vev: sometimes the rune appears unguarded (small chance) then it can be done with an Ak, yeah i guess
  8616 | D:10     | Gained mutation: You are partially covered in rugged brown scales. (AC +1, +3% HP) [Jiyva's grace]
  8633 | D:10     | p0werm0de: hmm
  8724 | D:10     | Gained mutation: You passively map a small area around you. [Jiyva's grace]
  8990 | D:10     | Noticed an orange crystal statue
  8990 | D:10     | Noticed an ice statue
  9077 | D:10     | Noticed a hill giant
  9078 | D:10     | vev: if you do FoAK, you can convert to jiyva in abyss, get abyssal, survive lugonu wrath, find way out, shaft shaft shaft till slimy, and you have 2 runes in very low lvl
  9083 | D:10     | vev: not tested ;D
  9089 | D:10     | Killed a hill giant
  9229 | Lair:1   | Entered Level 1 of the Lair of Beasts
  9242 | Lair:1   | p0werm0de: hm yea lets shaft
  9280 | Lair:1   | Reached skill level 12 in Dodging
  9287 | Lair:1   | Gained mutation: Your translucent skin slightly reduces your foes' accuracy. (Stealth) [Jiyva's grace]
  9834 | Lair:2   | Noticed a four-headed hydra
  9986 | Lair:2   | Reached XP level 11. HP: 59/59 MP: 19/19
 10086 | Lair:2   | Killed a four-headed hydra
 10370 | Lair:2   | Reached skill level 13 in Dodging
 10383 | Lair:2   | Noticed a five-headed hydra
 10395 | Lair:2   | Killed a five-headed hydra
 10519 | Lair:3   | Noticed an eight-headed hydra
 10531 | Lair:3   | Found a labyrinth entrance.
 10539 | Lab      | Entered a labyrinth
 11121 | Lab      | Chiseanne: ow this lab sucks
 11205 | Lab      | Chiseanne: all dead ends
 11457 | Lab      | Lost mutation: You passively map a small area around you. [Jiyva's grace]
 11795 | Lab      | p0werm0de: done?
 11795 | Lab      | Chiseanne: no
 11967 | Lab      | p0werm0de: you can also wait if you doont care bout turns
 11970 | Lab      | p0werm0de: walls will shift
 11970 | Lab      | Chiseanne: hopefully soon
 11999 | Lab      | p0werm0de: just press 5 a few times
 12005 | Lab      | p0werm0de: and stay in grey area
 13261 | Lab      | Noticed a minotaur
 13270 | Lab      | Killed a minotaur
 13275 | Lab      | Got a coiled marble ring
 13281 | Lair:3   | Identified the ring of Recklessness {rElec rF+ Int+4 Slay+2} (You found it in a labyrinth)
 13284 | Lair:3   | p0werm0de: nice one
 13284 | Lair:3   | Chiseanne: absolutely!
 13342 | Lair:3   | Noticed Dustman's ghost (journeyman HuGl)
 13355 | Lair:3   | p0werm0de: only vs living
 13355 | Lair:3   | Chiseanne: hmm slimify doesnt seem to work on ghosts
 13355 | Lair:3   | Chiseanne: ah lol
 13355 | Lair:3   | Chiseanne: nvm
 13449 | Lair:3   | Killed an eight-headed hydra
 13575 | Lair:3   | Found a staircase to the Swamp.
 13651 | Lair:3   | Reached skill level 1 in Slings
 13857 | Lair:3   | Found a shattered altar of Ashenzari.
 14050 | Lair:4   | Reached skill level 5 in Slings
 14116 | Lair:4   | Noticed a seven-headed hydra
 14129 | Lair:4   | Killed a seven-headed hydra
 14183 | Lair:4   | Found a staircase to the Snake Pit.
 14337 | Lair:4   | Gained mutation: Your translucent skin reduces your foes' accuracy. (Stealth) [Jiyva's grace]
 14389 | Lair:4   | Got a polished whip
 14398 | Lair:4   | Identified the cursed +0 whip of Valiance {protect, rC+} (You found it on level 4 of the Lair of Beasts)
 14747 | Lair:5   | Reached XP level 12. HP: 64/64 MP: 20/20
 14831 | Lair:5   | Reached skill level 14 in Dodging
 14952 | Lair:6   | Entered Level 6 of the Lair of Beasts
 15335 | Lair:6   | Gained mutation: You have acidic saliva. [Jiyva's grace]
 15431 | Lair:6   | Reached skill level 15 in Dodging
 15449 | Lair:6   | Noticed a five-headed hydra
 15633 | Lair:6   | Noticed Josephine
 15647 | Lair:6   | Killed Josephine
 15667 | Lair:6   | Found a viscous altar of Jiyva.
 15667 | Lair:6   | Found a staircase to the Slime Pits.
 15738 | Lair:6   | Lost mutation: You have large cloven feet. [Jiyva's grace]
 15825 | Lair:6   | Mangled by a yak

Skill      XL: |  1  2  3  4  5  6  7  8  9 10 11 12 |
---------------+-------------------------------------+-----
Stealth        | 1 2 3 |  3.7
Dodging        | 2 3 4 6 7 9 10 12 13 15 | 15.6
Short Blades   | 1 2 |  2.5
Evocations     | 2 3 4 5 7 9 10 | 10.4
Staves         | 1 2 |  2.0
Fighting       | 2 3 5 6 7 9 |  9.1
Shields        | 2 3 4 5 6 8 |  8.2
Slings         | 7 |  7.6
Bows           | |  2.4
Spellcasting   | |  2.6
Summonings     | |  1.5
Poison Magic   | |  1.0

Action                   |  1- 3 |  4- 6 |  7- 9 | 10-12 || total
-------------------------+-------+-------+-------+-------++-------
Melee: Dagger            |    15 |       |       |       ||    15
       Short sword       |    76 |    18 |       |       ||    94
       Quarterstaff      |       |   133 |       |       ||   133
       Rapier            |       |    24 |   356 |   651 ||  1031
       Bite              |       |       |    23 |    25 ||    48
       Kick              |       |       |    35 |   242 ||   277
 Fire: Hunting sling     |       |       |       |    80 ||    80
       Blowgun           |       |       |       |    12 ||    12
Throw: Tomahawk          |       |     4 |       |     1 ||     5
       Stone             |       |     1 |       |       ||     1
Invok: Request Jelly     |     1 |     1 |     1 |       ||     3
       Slimify           |       |       |       |     2 ||     2
 Abil: Evoke Berserk Rag |     1 |       |     5 |    18 ||    24
Evoke: Wand              |       |       |     3 |    18 ||    21
  Use: Scroll            |       |    10 |     4 |    12 ||    26
       Potion            |       |       |     6 |     2 ||     8
 Stab: Sleeping          |     7 |     6 |    20 |    15 ||    48
       Distracted        |       |     1 |     4 |     3 ||     8
       Paralysed         |       |       |     1 |       ||     1
  Eat: Bread ration      |       |     1 |       |       ||     1
Armor: Robe              |     4 |    18 |    17 |       ||    39
       Troll leather arm |       |       |       |    35 ||    35
Dodge: Dodged            |    58 |   126 |   220 |   623 ||  1027
Block: Buckler           |       |    11 |   166 |   429 ||   606
